 Dungeon Crawl Stone Soup version 0.27-a0-1559-g299f9947c5 (webtiles) character file.

Game seed: 9037511711808139631

95 BorisBritva322 the Insei (level 4, -1/35 HPs)
             Began as a Draconian Transmuter on July 16, 2021.
             Killed from afar by Natasha (2 damage)
             ... with a magic dart
             ... on level 3 of the Dungeon.
             The game lasted 00:04:56 (3176 turns).

BorisBritva322 the Insei (Draconian Transmuter)     Turns: 3176, Time: 00:04:57

Health: -1/35      AC:  5    Str: 12    XL:     4   Next: 40%
Magic:  7/7        EV: 12    Int: 13    God:
Gold:   108        SH:  0    Dex: 13    Spells: 6/7 levels left

rFire    . . .     SeeInvis .     - Unarmed
rCold    . . .     Faith    .   (no shield)
rNeg     . . .     Spirit   .   (armour unavailable)
rPois    .         Reflect  .   (helmet currently unavailable)
rElec    .         Harm     .   (no cloak)
rCorr    .         Rampage  .   (no gloves)
Will     .....                  (boots currently unavailable)
Stlth    +.........             (no amulet)
HPRegen  0.11/turn              (no ring)
MPRegen  0.10/turn              (no ring)

@: appendages (expiring), slowed, very slow
A: horns 2, talons 2, AC +5, unfitting armour, cold-blooded
a: End Transformation


You were on level 3 of the Dungeon.
You had temporarily grown beastly horns and talons.
You visited 1 branch of the dungeon, and saw 3 of its levels.

You collected 108 gold pieces.

Inventory:

Scrolls
 a - a scroll of blinking {unknown}
 b - a scroll of amnesia {unknown}
 d - a scroll of vulnerability {unknown}
 e - a scroll of enchant weapon {unknown}
 h - a scroll of fog {unknown}
 i - a scroll of acquirement {unknown}
Potions
 c - a potion of magic
 f - 2 potions of heal wounds
 g - a potion of degeneration {unknown}
 j - a potion of curing {unknown}


   Skills:
 + Level 1.4 Fighting
 + Level 2.6 Dodging
 + Level 4.3 Unarmed Combat
 + Level 2.2 Spellcasting
 + Level 2.2 Transmutations


You had 6 spell levels left.
You knew the following spells:

 Your Spells              Type           Power      Damage    Failure   Level
a - Beastly Appendage     Tmut           14%        N/A       10%         1

Your spell library contained the following spells:

 Spells                   Type           Power      Damage    Failure   Level
 Wereblood                Tmut           7%         N/A       16%         2
 Spider Form              Tmut/Pois      2%         N/A       43%         3
 Ice Form                 Ice/Tmut       4%         N/A       85%         4


Dungeon Overview and Level Annotations

Branches:
Dungeon (3/15)

Altars:

Annotations:
D:3 Natasha


Innate Abilities, Weirdness & Mutations

You have temporarily grown beastly horns and talons.
Your plain brown scales are hard. (AC +5)
You cannot fit into any form of body armour.
You are cold-blooded and may be slowed by cold attacks.


Message History

The orc misses you. Natasha claws you.
You hit Natasha. You claw Natasha, but do no damage.
Natasha is heavily wounded.
The orc hits you with a +0 club.
You barely miss Natasha. You claw Natasha, but do no damage.
Natasha is heavily wounded.
Natasha barely misses you. The orc closely misses you.
You barely miss Natasha. Your kick misses Natasha.
Your tail-slap misses Natasha.
Natasha is heavily wounded.
Natasha zaps a wand.
The puff of flame hits you. The orc misses you.
You closely miss Natasha. You claw Natasha. Your headbutt misses Natasha.
Natasha is heavily wounded.
Natasha claws you. The orc hits you with a +0 club.
You barely miss Natasha. You claw Natasha.
Natasha is severely wounded.
Your transformation is almost over.
Natasha casts a spell at you.
You feel yourself slow down. The orc barely misses you.
You closely miss Natasha.
Natasha is severely wounded.
Natasha zaps a wand.
The puff of flame hits you. The orc barely misses you. Natasha claws you.
You are too injured to fight recklessly!
You are too injured to fight recklessly!
The orc hits you with a +0 club.
* * * LOW HITPOINT WARNING * * *
Natasha stares at you and mumbles some strange words.
You feel as though you will be slow longer.
The orc hits you but does no damage.
You hit Natasha but do no damage. Your kick misses Natasha.
Natasha is severely wounded.
Natasha claws you.
* * * LOW HITPOINT WARNING * * *
The orc hits you but does no damage.
You hit Natasha but do no damage.
Natasha is severely wounded.
Natasha casts a spell at you. The magic dart hits you.
You die...

########.####.#......
#....................
#....................
#..............######
#....................
#..............#####.
##..............# #.
#.....o.........# #.
#...h@..........# #.
#...............# #.
#...............#####.
#....#..........#.....
#.####......### #.####
#. #......# #...[. #
####### #####. #.
.###################.


You could see Natasha and an orc.

Vanquished Creatures
  3 adders (D:2)
  A worm (D:2)
  5 dart slugs
  3 ball pythons (D:3)
  6 bats
  7 endoplasms
  A giant cockroach (D:1)
  3 hobgoblins
  6 jackals (D:1)
  5 kobolds
  4 frilled lizards
  8 goblins
  4 rats
56 creatures vanquished.

Notes
Turn   | Place    | Note
-------+----------+-------------------------------------------
     0 | D:1      | BorisBritva322 the Draconian Transmuter began the quest for
                  | the Orb.
     0 | D:1      | Reached XP level 1. HP: 16/16 MP: 3/3
   376 | D:1      | Reached XP level 2. HP: 15/23 MP: 5/5
   899 | D:1      | Reached XP level 3. HP: 19/28 MP: 6/6
  1780 | D:2      | Found a faded altar of an unknown god.
  2023 | D:2      | Reached skill level 4 in Unarmed Combat
  2287 | D:2      | Reached XP level 4. HP: 31/35 MP: 5/7
  3161 | D:3      | Noticed Natasha
  3175 | D:3      | HP: 1/35 [Natasha (6)]
  3176 | D:3      | Killed from afar by Natasha

Illustrated notes

Levels and vault maps discovered:
D:1:      dpeg_cavernosity, layout_basic, minmay_ruptured
D:2:      layout_loops_ring, dreamdust_ecumenical_altar_statues,
          chequers_serial_rivers_micro_c, chequers_serial_rivers_room_b,
          grunt_decor_resistance, st_stairs_7, kennysheep_generic_room_5
D:3:      layout_basic, grunt_ministairs_14, uniq_natasha

Skill      XL: |  1  2  3 |
---------------+----------+-----
Dodging        | 2 |  2.6
Unarmed Combat | 4 |  4.3
Fighting       | |  1.4
Spellcasting   | |  2.2
Transmutations | |  2.2

Action                   |  1- 3 |  4- 6 || total
-------------------------+-------+-------++-------
Melee: Unarmed           |   159 |    43 ||   202
       Tailslap          |    16 |     5 ||    21
       Punch             |     2 |     1 ||     3
       Kick              |       |     4 ||     4
 Cast: Beastly Appendage |     1 |     1 ||     2
  Use: Scroll            |       |     3 ||     3
 Stab: Sleeping          |     2 |       ||     2
Armor: Skin              |    61 |    15 ||    76
Dodge: Dodged            |   120 |    31 ||   151

Table legend: (Time is in decaauts)
 A = Elapsed time spent in this place.
 B = Non-inter-level travel time spent in this place.
 C = Inter-level travel time spent in this place.
 D = Time resting spent in this place.
 E = Time spent auto-exploring this place.
 F = Levels seen in this place.
 G = Mean time per level.
                   A        B        C        D        E       F      G
               +--------+--------+--------+--------+--------+-----+--------+
         Total |   3167 |   3059 |    108 |      0 |   2684 |   3 | 1055.7 |
       Dungeon |   3167 |   3059 |    108 |      0 |   2684 |   3 | 1055.7 |
               +--------+--------+--------+--------+--------+-----+--------+

Top non-repeatable levels by time:
     D:1: 1506 daAuts
     D:2: 1171 daAuts
     D:3: 488 daAuts
